AoeStats
← Vilo41

Arabia

510214126Analyzed
1v1 RM · 2d ago on Sep 30, 2026· 42m 8s· 2 players
Game mode
Random Map
Map size
Tiny (2 player)
Population
200
Speed
Normal
Resources
Standard
Victory
Conquest
Starting age
Dark Age
Ending age
Imperial Age
RankedLock teamsTeams togetherTeam positionsShared explorationLock speedFull tech treeHidden civsTurbo modeCheats
Victory
Defeat
🇫🇷 Franks · France
552
+13
🇻🇪 Spanish · Venezuela
488
-13
Vilo41
11:42 Feudal Age
13:26 Horse Collar
15:20 Wheelbarrow
15:58 Double-Bit Axe
21:38 Castle Age
20:11 Padded Archer Armor
22:44 Bow Saw
23:33 Pikeman
25:50 Gold Mining
28:42 Fletching
36:30 Hand Cart
39:51 Squires
noterre
9:56 Feudal Age
13:04 Wheelbarrow
20:01 Castle Age
21:02 Double-Bit Axe
23:41 Fletching
24:47 Husbandry
25:14 Hand Cart
27:00 Bodkin Arrow
30:20 Bow Saw
33:40 Imperial Age
31:42 Scale Barding Armor
31:50 Forging
32:33 Scale Mail Armor
34:09 Gold Mining
35:05 Chain Barding Armor
37:08 Padded Archer Armor
38:09 Leather Archer Armor
41:07 Plate Barding Armor
40:01 Cavalier
Connection lost

Rejoining the realm…

Still unreachable

The connection could not be restored.

Session expired

The server has moved on; the page needs a fresh start.